 Dungeon Crawl Stone Soup version 0.14.1-24-gbdbe590 (webtiles) character file.

404 Christof the Covered (level 6, -10/52 HPs)
             Began as a Minotaur Fighter on June 23, 2014.
             Killed by divine providence
             ... invoked by an orc priest
              (11 damage)
             ... on Level 3 of the Dungeon.
             The game lasted 00:06:39 (1875 turns).

Christof the Covered (Minotaur Fighter)             Turns: 1875, Time: 00:06:39

HP -10/52        AC 13     Str 21      XL: 6   Next: 17%
MP   3/3         EV  7     Int  7      God:
Gold 96          SH 20     Dex  9      Spells:  0 memorised,  5 levels left

rFire  . . .     SeeInvis .     h - +1 mace (protect)
rCold  . . .     Clarity  .     b - +0 scale mail
rNeg   . . .     Conserve .     c - +0 shield
rPois  .         rCorr    .     (helmet restricted)
rElec  .         rRot     .     u - +0 cloak
SustAb . .       Spirit   .     (no gloves)
rMut   .         Warding  .     (no boots)
Saprov . . .     Stasis   .     (no amulet)
MR     .....                    (no ring)
                                (no ring)

@: not resistant to hostile enchantments, extremely unstealthy
A: retaliatory headbutt, horns 2
a: no special abilities


You were on level 3 of the Dungeon.
You were not hungry.

You visited 1 branch of the dungeon, and saw 3 of its levels.

You collected 96 gold pieces.

Inventory:

Hand weapons
 a - a +0,+0 flail
 h - a +1,+1 mace of protection (weapon)
Armour
 b - a +0 scale mail (worn)
 c - a +0 shield (worn)
 u - a +0 cloak (worn)
Comestibles
 d - a bread ration
 f - 7 rotting chunks of centaur flesh
 g - 3 rotting chunks of orc flesh
 l - a chunk of adder flesh
 o - a rotting chunk of adder flesh
 t - 4 rotting chunks of orc flesh
 w - a chunk of giant newt flesh
 x - a chunk of adder flesh
 z - 2 chunks of jackal flesh
 A - a chunk of bat flesh
Scrolls
 k - 3 scrolls of identify {unknown}
 p - a scroll of enchant weapon II {unknown}
 r - a scroll of remove curse {unknown}
 s - a scroll of amnesia {unknown}
 v - a scroll of noise {unknown}
 y - 3 scrolls of immolation {unknown}
Potions
 e - 2 potions of might
 i - a potion of degeneration {unknown}
 j - a potion of curing {unknown}
 m - a potion of restore abilities {unknown}
 n - a potion of mutation {unknown}
 q - a potion of agility {unknown}


   Skills:
 + Level 4.2 Fighting
 * Level 3.6 Maces & Flails
 * Level 6.2 Armour
 + Level 5.6 Shields


You had 5 spell levels left.
You didn't know any spells.

Dungeon Overview and Level Annotations

Branches:
Dungeon (3/15)

Altars:
Trog
Zin


Innate Abilities, Weirdness & Mutations

You reflexively headbutt those who attack you in melee.
You have a pair of horns on your head.


Message History

The orc priest's eyes start to glow.
The orc hits you with a mace.
You hit the orc priest.
The orc priest is moderately wounded.
The rat bites you but does no damage. You block the orc priest's attack.
The orc priest mumbles some strange prayers to Beogh against you.
Something smites you! The rat barely misses you.
The orc hits you but does no damage.
You hit the orc priest but do no damage.
The orc priest is moderately wounded.
The orc priest hits you with a flail.
* * * LOW HITPOINT WARNING * * *
You block the rat's attack. The orc hits you but does no damage.
The orc priest mumbles some strange prayers to Beogh against you.
Something smites you!
* * * LOW HITPOINT WARNING * * *
Unknown command.
The orc priest invokes the aid of Beogh against you.
Something smites you!
You die...

#.####.#.######..#...
.......#.#...##......
.##..###......#...#
..................###.
.......................
..##........##...####.
.. #........##...# #
####...####...# ##.##
###@# #.# #o# #.#
#..)or# ........o...
###.?........
.....######## .%.## ..


You could see 2 orc priests, an orc and a rat.

Vanquished Creatures
  A centaur (D:3)
  2 orc wizards
  3 gnolls (D:2)
  10 adders
  A worm (D:2)
  4 giant geckos
  3 orcs
  7 bats
  2 goblins
  4 hobgoblins
  5 jackals
  A ball python (D:2)
  6 giant newts
  2 kobolds
  5 rats
56 creatures vanquished.

Notes
Turn   | Place    | Note
--------------------------------------------------------------
     0 | D:1      | Christof, the Minotaur Fighter, began the quest for the Orb.
     0 | D:1      | Reached XP level 1. HP: 19/19 MP: 1/1
   180 | D:1      | Reached skill level 4 in Armour
   279 | D:1      | Reached XP level 2. HP: 27/27 MP: 1/1
   712 | D:2      | Reached XP level 3. HP: 29/33 MP: 2/2
   884 | D:2      | Reached skill level 5 in Armour
   922 | D:2      | Reached XP level 4. HP: 40/40 MP: 2/2
   965 | D:2      | Found a glowing silver altar of Zin.
  1459 | D:3      | Noticed a centaur
  1486 | D:2      | Reached skill level 5 in Shields
  1526 | D:2      | Reached XP level 5. HP: 35/46 MP: 2/2
  1551 | D:3      | Killed a centaur
  1788 | D:3      | Found a bloodstained altar of Trog.
  1796 | D:3      | Reached skill level 6 in Armour
  1799 | D:3      | Reached XP level 6. HP: 48/52 MP: 3/3
  1874 | D:3      | HP: 1/52 [orc priest/divine providence (13)]
  1875 | D:3      | Killed from afar by an orc priest

Action                   |  1- 3 |  4- 6 || total
-------------------------+-------+-------++-------
Melee: Mace              |    70 |   106 ||   176
       Flail             |     4 |       ||     4
